 Dungeon Crawl Stone Soup version 0.18.1-8-gdd0e5ea (webtiles) character file.

203834 tyrsky the Impregnable (level 17, -3/163 HPs)
             Began as a Minotaur Gladiator on May 29, 2016.
             Was the Champion of Okawaru.
             Slain by a faun
             ... wielding a +0 spear
             ... led by a satyr
              (13 damage)
             ... on level 4 of the Shoals.
             The game lasted 02:29:55 (38783 turns).

tyrsky the Impregnable (Minotaur Gladiator)        Turns: 38783, Time: 02:29:56

Health: -3/163     AC: 30    Str: 25    XL:     17   Next: 99%
Magic:  22/22      EV: 19    Int:  5    God:    Okawaru [******]
Gold:   2869       SH:  0    Dex: 18    Spells: 1 memorised, 12 levels left

rFire  . . .     SeeInvis +     J - +7 lajatang of Order {silver, rMut}
rCold  . . .     Gourm    .     K - +7 chain mail of Ysimen {rCorr Dex+2}
rNeg   . . .     Faith    .     (shield currently unavailable)
rPois  .         Spirit   .     a - +0 mask of the Dragon {MR+ Slay+3 SInv}
rElec  .         Dismiss  .     Y - +1 cloak {+Inv}
rCorr  +         Reflect  .     M - +0 pair of gloves {archery}
rMut   +         Harm     .     Z - +1 pair of boots {run}
SustAt .                        y - amulet of rage
MR     ++...                    t - ring of flight
Stlth  ..........               s - +3 ring of dexterity

@: about to teleport, flying, mesmerised, very slightly contaminated, studying
Earth Magic, drained, quick, very resistant to hostile enchantments, extremely
unstealthy
A: retaliatory headbutt, horns 2
a: Heroism, Finesse, Renounce Religion, Evoke Berserk Rage, Evoke Invisibility,
Stop Flying
}: 1/15 runes: gossamer


You were on level 4 of the Shoals.
You worshipped Okawaru.
Okawaru was exalted by your worship.
You were not hungry.

You visited 6 branches of the dungeon, and saw 34 of its levels.

You collected 3327 gold pieces.
You spent 458 gold pieces at shops.

Inventory:

Hand Weapons
 J - the +7 lajatang of Order (weapon) {silver, rMut}
   (Okawaru gifted it to you on level 14 of the Dungeon)

   It protects you from mutation.
Armour
 a - the +0 mask of the Dragon (worn) {MR+ Slay+3 SInv}
   (You found it on level 1 of the Spider Nest)

   It affects your accuracy and damage with ranged weapons and melee attacks
   (+3).
   It affects your resistance to hostile enchantments.
   It lets you see invisible.
 d - a +2 buckler of protection
 K - the +7 chain mail of Ysimen (worn) {rCorr Dex+2}
   (Okawaru gifted it to you on level 8 of the Lair of Beasts)

   It affects your dexterity (+2).
   It protects you from acid and corrosion.
 M - a +0 pair of gloves of archery (worn)
 Y - a +1 cloak of invisibility (worn)
 Z - a +1 pair of boots of running (worn)
Rods
 G - a +1 rod of shadows (9/9)
   (You acquired it on level 3 of the Shoals)
Jewellery
 b - an uncursed ring of fire
 c - an uncursed ring of protection from magic
 s - a +3 ring of dexterity (left hand)
 t - a ring of flight (right hand)
 x - an uncursed ring of poison resistance
 y - an amulet of rage (around neck)
Wands
 g - a wand of teleportation (6/9)
 C - a wand of paralysis (8/24)
 E - a wand of digging (2/24)
 P - a wand of random effects (30/48)
 U - a wand of lightning (3/15)
 V - a wand of digging (15/24)
Scrolls
 j - 7 scrolls of magic mapping
 l - 6 scrolls of immolation
 m - a scroll of fog
 w - 3 scrolls of enchant weapon
 B - 12 scrolls of remove curse
 H - a scroll of acquirement
 I - 11 scrolls of teleportation
 L - 2 scrolls of amnesia
 N - a scroll of enchant armour
 Q - 2 scrolls of fear
 T - 2 scrolls of silence
 W - 2 scrolls of recharging
 X - 13 scrolls of identify {@*1}
Potions
 e - 2 potions of berserk rage
 h - a potion of curing
 i - 6 potions of lignification
 k - a potion of ambrosia {unknown}
 o - 2 potions of cure mutation
 p - 2 potions of magic
 q - 2 potions of flight
 v - a potion of haste
 z - a potion of resistance
 A - 2 potions of invisibility
 D - 3 potions of agility
 O - a potion of might
Books
 R - a book of Dreams

   Spells                             Type                      Level
   a - Ensorcelled Hibernation        Hexes/Ice                    2
   b - Silence                        Hexes/Air                    5
   c - Darkness                       Hexes                        6
   d - Shadow Creatures               Summoning                    6
 S - a manual of Earth Magic
Comestibles
 f - 11 bread rations
 n - 13 fruits
 r - 11 slices of pizza
 u - 13 meat rations


   Skills:
 + Level 17.8(17.3) Fighting
 - Level 14.1(13.7) Staves
 - Level 2.0(1.7) Throwing
 * Level 21.9(21.5) Armour
 * Level 14.2(13.8) Dodging
 * Level 9.9(9.5) Earth Magic
 - Level 9.0(8.7) Evocations


You had 12 spell levels left.
You knew the following spells:

 Your Spells              Type           Power        Failure   Level  Hunger
a - Leda's Liquefaction   Hex/Erth       #.........   99%         4    #####..


Dungeon Overview and Level Annotations

Branches:
Dungeon (15/15)            Temple (1/1) D:5            Lair (8/8) D:11
 Shoals (4/4) Lair:3       Spider (4/4) Lair:3        Slime (0/6) Lair:8
    Orc (2/2) D:10            Elf (0/3) Orc:2        Vaults (0/5) D:14
 Depths (0/5) D:15

Altars:
Ashenzari
Cheibriados
Dithmenos
Elyvilon
Fedhas
Gozag
Kikubaaqudgha
Makhleb
Nemelex Xobeh
Okawaru
Pakellas
Qazlal
Ru
Sif Muna
Trog
Vehumet
Xom
Yredelemnul
Zin
The Shining One
Beogh
Jiyva

Shops:
D:4 :   D:6 (   Orc:2 (*![=   Shoals:2 [

Portals:
Hell: Lair:8

Annotations:
Lair:3 exclusions: plant and 1 more exclusion
Shoals:4 deorigin's ghost, adept DsGl


Innate Abilities, Weirdness & Mutations

You reflexively headbutt those who attack you in melee.
You have a pair of horns on your head.


Message History

The merfolk avatar chants its luring song.
You slash the faun! You headbutt the faun!!
The faun is severely wounded.
The faun casts a spell at you. You resist with almost no effort.
The faun hits you from afar with a spear!!
* * * LOW HITPOINT WARNING * * *
The faun hits you with a quarterstaff!!
* * * LOW HITPOINT WARNING * * *
Drink which item? (? for menu, Esc to quit)
Okay, then.
Read which item? (? for menu, Esc to quit)
Blink to where?
Press: ? - help, Dir - move target cursor You are very lightly contaminated with residual magic.
As you read the scroll of blinking, it crumbles to dust.
The pull of its song draws you forwards.
The merfolk avatar chants its luring song.
The faun hits you from afar with a spear!
You die...

≈≈≈≈≈≈≈≈≈≈≈≈≈≈≈.P## .≈≈≈#
≈≈≈≈≈≈≈≈)≈≈≈≈≈≈.## ..P≈≈
≈≈≈≈≈≈)≈≈≈≈≈≈≈≈PP###.P≈≈≈
≈≈....≈≈≈≈≈≈≈≈≈P..#P.≈P≈≈
.....(..≈≈≈≈≈≈≈≈≈....≈≈≈≈
....(....≈≈≈≈≈≈≈≈≈≈≈≈≈≈≈P
..........§§≈≈P≈PP≈≈P≈P≈≈
.).......§§§≈c≈PP≈≈P≈.≈≈≈
...W.....§§§W§c≈H≈≈≈≈.P≈≈
.........§P§PP≈m≈P≈≈P≈≈≈≈
.≈.......§≈§PPcc≈≈PP≈≈≈≈#
≈≈≈≈....≈≈≈≈P≈P≈≈P≈≈≈≈≈≈≈
≈#≈≈≈≈≈≈≈≈P≈≈≈≈P≈PP≈≈≈≈≈≈
####≈≈≈≈≈≈≈≈≈PP≈≈PPPPP≈≈≈
≈≈##≈≈≈≈≈≈≈≈≈≈≈≈P≈P≈≈≈#
≈≈ ≈≈≈≈≈≈≈P≈≈≈≈≈≈≈≈≈≈≈


You could see a merfolk avatar, 4 fauns and deorigin's ghost.

Vanquished Creatures
  Norris (Spider:4)
  Arachne (Spider:4)
  Ilsuiw (Shoals:4)
  2 frost giants
  Aizul (Spider:1)
  An orc warlord (Orc:2)
  2 ghost moths (Spider:4)
  3 emperor scorpions
  Azrael (D:14)
  A spark wasp (Spider:4)
  6 merfolk javelineers
  Josephine (D:11)
  A fire dragon (D:15)
  8 merfolk impalers
  A yaktaur captain (D:15)
  4 entropy weavers
  The ghost of Kilrog the Fighter, a journeyman DsBe of Trog (Orc:2)
  8 hydras
  Harold (Lair:3)
  A rakshasa (D:14)
  Erolcha (D:9)
  An alligator snapping turtle (Shoals:2)
  A satyr (Shoals:4)
  A catoblepas (Lair:4)
  5 merfolk avatars
  5 centaur warriors
  2 merfolk aquamancers
  2 ogre magi (D:15)
  A queen ant (Spider:4)
  An orc high priest (Orc:2)
  5 death yaks (Lair:7)
  A sun demon (Lair:8)
  Nergalle (Lair:3)
  A fire crab (Lair:7)
  A fire crab (shapeshifter) (D:12)
  10 sea snakes
  An unseen horror (D:15)
  6 hill giants
  2 wizards
  A phantasmal warrior (D:14)
  A necromancer (D:14)
  4 hornets
  20 orb spiders
  3 orc sorcerers (Orc:2)
  4 orc knights (Orc:2)
  16 wolf spiders
  8 griffons
  12 manticores
  A faun (Shoals:2)
  A deep elf mage (D:15)
  A moth of wrath (Spider:2)
  3 cyclopes
  6 ugly things
  A sixfirhy (Lair:8)
  17 elephants
  9 black mambas
  4 sirens
  A black mamba (shapeshifter) (D:13)
  2 water nymphs
  2 centaur zombies
  2 torpor snails
  A smoke demon (Lair:8)
  2 gargoyles
  A yaktaur (D:15)
  11 spiny frogs
  5 orange demons (Lair:8)
  2 rime drakes (Lair:8)
  A kobold demonologist (D:14)
  13 demonic crawlers
  8 komodo dragons
  An efreet (D:13)
  2 ice devils (Lair:8)
  A polar bear (shapeshifter) (D:15)
  A freezing wraith (D:14)
  A red devil (Lair:8)
  7 trolls
  24 merfolk
  2 polar bears
  23 jumping spiders
  6 two-headed ogres
  2 wind drakes (Shoals:1)
  A harpy skeleton (D:14)
  9 snapping turtles
  22 blink frogs
  4 boulder beetles
  73 redbacks
  11 slime creatures
  7 water elementals
  A vampire (D:14)
  3 shadows
  38 tarantellas
  5 wraiths
  28 yaks
  2 basilisks
  2 fire elementals (D:14)
  A hog (D:7)
  2 wyverns
  15 hippogriffs
  A steam dragon (D:8)
  A human (D:7)
  6 vampire mosquitoes
  2 hungry ghosts
  2 insubstantial wisps (D:8)
  2 mottled dragons (D:13)
  6 hell hounds
  16 water moccasins
  4 wargs
  26 soldier ants
  7 black bears
  9 porcupines
  24 orc warriors
  A swamp drake (D:10)
  6 sky beasts
  2 phantoms
  3 wasps (Spider:4)
  3 ice beasts
  An eye of draining (shapeshifter) (D:13)
  A necrophage (D:15)
  19 ogres
  11 wolves
  18 centaurs
  19 crocodiles
  Blork the orc (D:4)
  6 big kobolds
  An elf zombie (D:7)
  18 giant frogs
  A gnoll sergeant (D:8)
  2 wyvern skeletons
  6 scorpions
  2 water moccasin skeletons
  17 killer bees
  14 wights
  5 jellies
  5 howler monkeys
  8 crimson imps
  A quasit (D:10)
  2 human zombies (D:7)
  2 centaur skeletons
  2 giant frog zombies
  21 orc priests
  7 hounds
  3 human skeletons (D:7)
  2 giant frog skeletons (D:5)
  9 iguanas
  29 orc wizards
  34 worker ants
  A killer bee zombie (D:11)
  22 sheep
  2 hound skeletons
  2 mummies (D:7)
  A howler monkey zombie (D:7)
  A worker ant zombie (D:7)
  Robin (D:3)
  9 adders
  4 gnolls (D:8)
  23 river rats
  4 shadow imps
  4 oozes
  An adder skeleton (D:10)
  4 worms
  81 orcs
  6 giant cockroaches
  18 goblins
  5 hobgoblins
  10 jackals
  13 kobolds
  8 quokkas
  2 ball pythons
  6 bats
  A giant gecko skeleton (D:5)
  2 giant newts
  A jackal skeleton (D:5)
  An orc skeleton (D:7)
  An orc zombie (D:7)
  6 rats
1179 creatures vanquished.

Vanquished Creatures (others)
  2 jumping spiders
  An iguana (D:14)
  16 fungi
  30 plants
  4 tentacles (Shoals:1)
  39 tentacle segments (Shoals:1)
92 creatures vanquished.

Grand Total: 1271 creatures vanquished

Notes
Turn   | Place    | Note
--------------------------------------------------------------
     0 | D:1      | tyrsky the Minotaur Gladiator began the quest for the Orb.
     0 | D:1      | Reached XP level 1. HP: 18/18 MP: 0/0
   171 | D:1      | Reached skill level 1 in Armour
   174 | D:1      | Reached XP level 2. HP: 18/25 MP: 1/1
   589 | D:2      | Found a burning altar of Makhleb.
   627 | D:2      | Reached skill level 2 in Armour
   627 | D:2      | Reached XP level 3. HP: 18/31 MP: 2/2
  1300 | D:2      | Found a bloodstained altar of Trog.
  1432 | D:3      | Noticed an ogre
  1439 | D:3      | Killed an ogre
  1439 | D:3      | Reached skill level 5 in Staves
  1439 | D:3      | Reached skill level 3 in Armour
  1439 | D:3      | Reached XP level 4. HP: 35/39 MP: 3/3
  1476 | D:3      | Reached XP level 5. HP: 40/45 MP: 4/4
  1685 | D:3      | Noticed Robin
  1710 | D:3      | Killed Robin
  2016 | D:4      | Reached XP level 6. HP: 34/52 MP: 5/5
  2096 | D:4      | Found Plog's Book Emporium.
  2106 | D:4      | Reached skill level 4 in Armour
  2134 | D:4      | Noticed Blork the orc
  2149 | D:4      | Killed Blork the orc
  2418 | D:5      | Entered Level 5 of the Dungeon
  2422 | D:5      | Reached skill level 5 in Armour
  2439 | D:5      | Reached XP level 7. HP: 60/60 MP: 6/6
  2454 | D:5      | Reached skill level 5 in Fighting
  2482 | D:5      | Found a staircase to the Ecumenical Temple.
  2491 | Temple   | Entered the Ecumenical Temple
  2584 | Temple   | Became a worshipper of Warmaster Okawaru
  3212 | D:5      | Reached skill level 6 in Armour
  3483 | D:6      | Reached * piety under Okawaru
  3483 | D:6      | Reached XP level 8. HP: 28/70 MP: 7/7
  3841 | D:6      | Found Usesuog's Weapon Shop.
  3857 | D:6      | Reached skill level 7 in Armour
  4546 | D:7      | Reached skill level 8 in Armour
  4612 | D:7      | Reached ** piety under Okawaru
  4642 | D:7      | Reached XP level 9. HP: 69/78 MP: 5/8
  4664 | D:7      | Reached skill level 9 in Armour
  4759 | D:7      | Reached skill level 10 in Staves
  5122 | D:7      | Found an ancient bone altar of Kikubaaqudgha.
  5143 | D:7      | Reached *** piety under Okawaru
  5167 | D:7      | Reached skill level 10 in Armour
  5710 | D:8      | Reached XP level 10. HP: 88/88 MP: 9/9
  5783 | D:8      | Reached skill level 11 in Armour
  5859 | D:8      | Reached **** piety under Okawaru
  6193 | D:8      | Received a gift from Okawaru
  6451 | D:8      | Found a snail-covered altar of Cheibriados.
  6671 | D:9      | Noticed Erolcha
  6678 | D:9      | Killed Erolcha
  6678 | D:9      | Received a gift from Okawaru
  6678 | D:9      | Reached skill level 12 in Armour
  7033 | D:10     | Entered Level 10 of the Dungeon
  7040 | D:10     | Noticed a hill giant
  7063 | D:10     | Killed a hill giant
  7417 | D:10     | Reached XP level 11. HP: 84/97 MP: 8/10
  7502 | D:10     | Noticed a hill giant
  7525 | D:10     | Killed a hill giant
  7525 | D:10     | Reached ***** piety under Okawaru
  7925 | D:10     | Found a staircase to the Orcish Mines.
  7946 | D:10     | Reached skill level 13 in Armour
  8558 | D:11     | Found a staircase to the Lair.
  8562 | D:11     | Noticed a brown ugly thing
  8563 | D:11     | Reached skill level 10 in Fighting
  8961 | D:11     | Killed a brown ugly thing
  8961 | D:11     | Received a gift from Okawaru
  8975 | D:11     | Identified a +1 pair of boots of running (Okawaru gifted it to you on level 11 of the Dungeon)
  9063 | D:11     | Noticed Josephine
  9071 | Lair:1   | Entered Level 1 of the Lair of Beasts
  9196 | D:11     | Killed Josephine
  9285 | D:11     | Identified 2 scrolls of acquirement
  9554 | D:11     | Noticed a white ugly thing
  9564 | D:11     | Killed a white ugly thing
  9564 | D:11     | Reached skill level 14 in Armour
  9872 | D:12     | Noticed a seven-headed hydra
  9886 | D:12     | Killed a 16-headed hydra
 10280 | Lair:1   | Reached XP level 12. HP: 101/108 MP: 11/11
 10672 | Lair:1   | Reached skill level 15 in Armour
 11603 | Lair:2   | Reached skill level 16 in Armour
 11692 | Lair:2   | Received a gift from Okawaru
 11976 | Lair:2   | Noticed a five-headed hydra
 11988 | Lair:2   | Killed a 12-headed hydra
 12221 | Lair:2   | Noticed an eight-headed hydra
 12233 | Lair:2   | Killed an 11-headed hydra
 12568 | Lair:3   | Received a gift from Okawaru
 12587 | Lair:3   | Noticed Nergalle
 12600 | Lair:3   | Killed Nergalle
 12600 | Lair:3   | Reached skill level 17 in Armour
 12645 | Lair:3   | Noticed Harold
 12653 | Lair:3   | Killed Harold
 12653 | Lair:3   | Reached XP level 13. HP: 115/119 MP: 9/12
 12710 | Lair:3   | Found a staircase to the Shoals.
 13246 | Lair:3   | Found a hole to the Spider Nest.
 13772 | Lair:4   | Got a smelly ring mail
 13783 | Lair:4   | Identified the +5 ring mail of the Louse {rC+ Dex+4 Slay+3} (You found it on level 4 of the Lair of Beasts)
 15227 | Lair:7   | Reached skill level 18 in Armour
 15235 | Lair:7   | Reached skill level 5 in Dodging
 15250 | Lair:7   | Reached ****** piety under Okawaru
 15255 | Lair:7   | Received a gift from Okawaru
 16049 | Lair:8   | Entered Level 8 of the Lair of Beasts
 16589 | Lair:8   | Found a runed door.
 16589 | Lair:8   | Found a viscous altar of Jiyva.
 16598 | Lair:8   | Found a staircase to the Slime Pits.
 16625 | Lair:8   | Reached XP level 14. HP: 119/130 MP: 13/13
 17054 | Lair:8   | Received a gift from Okawaru
 17067 | Lair:8   | Got a brightly glowing chain mail {god gift}
 17078 | Lair:8   | Identified the +7 chain mail of Ysimen {rCorr Dex+2} (Okawaru gifted it to you on level 8 of the Lair of Beasts)
 17386 | Lair:8   | Reached skill level 19 in Armour
 17902 | Lair:8   | Found a burning altar of Makhleb.
 18356 | Lair:8   | Found a gateway to Hell.
 18711 | Lair:6   | Learned a level 4 spell: Leda's Liquefaction
 19079 | D:12     | Reached skill level 1 in Earth Magic
 19467 | D:13     | Received a gift from Okawaru
 19468 | D:13     | Got a smoking longbow {god gift}
 19716 | D:13     | Reached skill level 1 in Evocations
 20524 | D:14     | Noticed Azrael
 20554 | D:14     | Killed Azrael
 20554 | D:14     | Reached skill level 15 in Fighting
 20554 | D:14     | Reached skill level 10 in Dodging
 21019 | D:14     | Received a gift from Okawaru
 21019 | D:14     | Reached XP level 15. HP: 140/141 MP: 16/16
 21202 | D:14     | Found a gate to the Vaults.
 21828 | D:15     | Entered Level 15 of the Dungeon
 22643 | D:15     | Reached skill level 20 in Armour
 23337 | D:15     | Found a staircase to the Depths.
 23377 | D:15     | Found a white marble altar of Elyvilon.
 23427 | D:15     | Received a gift from Okawaru
 23707 | Orc:1    | Entered Level 1 of the Orcish Mines
 23908 | Orc:1    | Received a gift from Okawaru
 24032 | Orc:2    | Entered Level 2 of the Orcish Mines
 24071 | Orc:2    | Noticed Kilrog's ghost (journeyman DsBe)
 24083 | Orc:2    | Killed Kilrog's ghost
 24083 | Orc:2    | Reached skill level 5 in Earth Magic
 24357 | Orc:2    | Found Uzoar Xaxt's Distillery.
 24365 | Orc:2    | Bought a potion of heal wounds for 70 gold pieces
 24365 | Orc:2    | Bought a potion of heal wounds for 70 gold pieces
 24365 | Orc:2    | Bought a potion of curing for 42 gold pieces
 24377 | Orc:2    | Noticed an orc warlord
 24622 | Orc:2    | Reached skill level 5 in Evocations
 25470 | Orc:2    | Found a roughly hewn altar of Beogh.
 25478 | Orc:2    | Found Zinor's Antique Armour Shoppe.
 25507 | Orc:2    | Killed an orc warlord
 25521 | Orc:2    | Found Uteiff's Jewellery Shoppe.
 25534 | Orc:2    | Found Wegak's General Store.
 25566 | Orc:2    | Found Keupisun's Antique Weapon Shoppe.
 25593 | Orc:2    | Found a staircase to the Elven Halls.
 25915 | Orc:2    | Bought a scroll of teleportation for 36 gold pieces
 26074 | Orc:2    | Bought an uncursed ring of poison resistance for 240 gold pieces
 26266 | Spider:1 | Entered Level 1 of the Spider Nest
 26505 | Spider:1 | Noticed Aizul
 26515 | Spider:1 | Killed Aizul
 26602 | Spider:1 | Received a gift from Okawaru
 27215 | Spider:1 | Reached XP level 16. HP: 151/151 MP: 16/19
 28022 | Spider:2 | Got an encrusted scale mail
 28059 | Spider:2 | Identified the cursed +1 scale mail of Ru's Vengeance {Dex+3} (You found it on level 2 of the Spider Nest)
 28599 | Spider:3 | Noticed Mara
 28612 | Spider:4 | Entered Level 4 of the Spider Nest
 28829 | Spider:4 | Noticed Norris
 28841 | Spider:4 | Killed Norris
 29110 | Spider:4 | Received a gift from Okawaru
 29240 | Spider:4 | Reached skill level 21 in Armour
 29306 | Spider:4 | Received a gift from Okawaru
 29339 | Spider:4 | Noticed Arachne
 29355 | Spider:4 | Killed Arachne
 30131 | Spider:3 | Noticed tyrsky's illusion
 30748 | Spider:4 | Received a gift from Okawaru
 30765 | Spider:4 | Got a steaming quarterstaff {god gift}
 30766 | Spider:4 | Identified the +9 quarterstaff "Wuevas" {venom, rN+} (Okawaru gifted it to you on level 4 of the Spider Nest)
 30796 | Spider:4 | Reached XP level 17. HP: 137/161 MP: 22/22
 31593 | Spider:4 | Got a gossamer rune of Zot
 31782 | Shoals:1 | Entered Level 1 of the Shoals
 32580 | Shoals:3 | Received a gift from Okawaru
 32581 | Shoals:3 | Got a polished cloak {god gift}
 33189 | Shoals:4 | Entered Level 4 of the Shoals
 33269 | Shoals:4 | Noticed deorigin's ghost (adept DsGl)
 33683 | Shoals:4 | Noticed Ilsuiw
 34074 | Shoals:4 | HP: 5/162 [deorigin's ghost (22)]
 35119 | Shoals:2 | Found Zaits's Antique Armour Shop.
 35270 | Shoals:1 | Noticed a kraken
 36217 | Shoals:3 | Identified the -2 cloak of Filth {+Blink rC- Dex+6} (Okawaru gifted it to you on level 3 of the Shoals)
 36948 | Shoals:4 | Killed Ilsuiw
 37815 | Shoals:4 | Received a gift from Okawaru
 38783 | Shoals:4 | Slain by a faun

Skill      XL: |  1  2  3  4  5  6  7  8  9 10 11 12 13 14 15 16 17 |
---------------+----------------------------------------------------+-----
Armour         | 1 2 3 5 6 8 10 12 14 17 18 19 20 21 | 21.9
Fighting       | 3 4 5 6 8 9 10 12 13 15 16 17 | 17.8
Staves         | 4 5 6 8 9 11 12 14 | 14.1
Dodging        | 7 10 11 12 14 | 14.2
Earth Magic    | 3 5 7 9 |  9.9
Evocations     | 2 5 8 9 |  9.0
Throwing       | |  2.0

Action                   |  1- 3 |  4- 6 |  7- 9 | 10-12 | 13-15 | 16-18 || total
-------------------------+-------+-------+-------+-------+-------+-------++-------
Melee: Quarterstaff      |    67 |   119 |   367 |   523 |       |   130 ||  1206
       Headbutt          |     6 |    21 |   108 |   215 |   415 |   302 ||  1067
       Lajatang          |       |       |       |   283 |  1365 |   979 ||  2627
Throw: Throwing net      |    15 |       |       |       |     8 |     1 ||    24
Invok: Heroism           |       |       |     1 |     7 |    20 |    12 ||    40
 Abil: Evoke Berserk Rag |       |       |       |       |     1 |       ||     1
       Evoke Flight      |       |       |       |       |       |     9 ||     9
       Evoke Invisibilit |       |       |       |       |       |     1 ||     1
Evoke: Wand              |       |       |       |     1 |     2 |     1 ||     4
  Use: Scroll            |       |     9 |     2 |    12 |    14 |    18 ||    55
       Potion            |       |     2 |     1 |     7 |     5 |    22 ||    37
 Stab: Held in net/web   |     3 |       |       |       |     2 |     2 ||     7
       Invisible         |       |       |       |       |       |     6 ||     6
  Eat: Chunk             |       |     5 |    11 |    20 |    25 |    12 ||    73
       Beef jerky        |       |       |       |     6 |     3 |     1 ||    10
       Bread ration      |       |       |       |       |     2 |     2 ||     4
       Meat ration       |       |       |       |       |     1 |     2 ||     3
       Royal jelly       |       |       |       |       |     1 |       ||     1
       Fruit             |       |       |       |       |       |    11 ||    11
Armor: Leather armour    |     8 |       |       |       |       |       ||     8
       Chain mail        |     7 |    38 |       |       |   483 |   610 ||  1138
       Plate armour      |       |    31 |   181 |   435 |    49 |       ||   696
       Ring mail         |       |       |       |       |    96 |       ||    96
Dodge: Dodged            |    39 |    43 |    86 |   325 |   907 |   835 ||  2235
